 Dungeon Crawl Stone Soup version 0.29.1-15-g9cfb28693d (webtiles) character file.

Game seed: 825728284812965845

3521 Hugehornet the Protected (level 9, -4/68 HPs)
             Began as a Demigod Fighter on Apr 1, 2023.
             Slain by an orc warrior
             ... wielding a +0 broad axe
              (20 damage)
             ... in a bailey.
             The game lasted 00:25:04 (8634 turns).

Hugehornet the Protected (Demigod Fighter)          Turns: 8634, Time: 00:25:04

Health: -4/68      AC: 14    Str: 17    XL:     9   Next: 52%
Magic:  11/11      EV:  7    Int: 18    God:
Gold:   637        SH:  5    Dex: 17    Spells: 5/8 levels left

rFire   . . .      SeeInvis .   a - +0 trident
rCold   . . .      Faith    .   c - +0 buckler
rNeg    . . .      Spirit   .   p - +0 chain mail
rPois   .          Reflect  .   n - +0 helmet
rElec   .          Harm     .   (no cloak)
rCorr   .          Rampage  .   k - +0 pair of gloves
Will    .....                   (no boots)
Stlth   ..........              D - amulet of regeneration
HPRegen 1.01/turn               (no ring)
MPRegen 0.12/turn               (no ring)

@: studying Throwing
A: high MP 1, forlorn, divine attributes
a: no special abilities


You were in a bailey.
You visited 1 branch of the dungeon, and saw 7 of its levels.
You also visited: Bailey.

You collected 637 gold pieces.

Inventory:

Hand Weapons
 a - a +0 trident (weapon)
 C - a +0 war axe
 O - a +0 broad axe
 P - a +3 glaive of freezing
Missiles
 y - 2 throwing nets (quivered)
Armour
 b - a +0 scale mail
 c - a +0 buckler (worn)
 k - a +0 pair of gloves (worn)
 n - a +0 helmet (worn)
 p - a +0 chain mail (worn)
 E - a +0 plate armour
 I - the +2 leather armour of the Devil {Str+4 Slay+2}
   (You found it on level 6 of the Dungeon)

   Str:       It affects your strength (+4).
   Slay:      It affects your accuracy & damage with ranged weapons and melee
   (+2).
 L - a +0 kite shield
Jewellery
 s - an amulet of magic regeneration
 D - an amulet of regeneration (around neck)
Wands
 A - a wand of mindburst (4)
Scrolls
 d - a scroll of acquirement {unknown}
 i - 2 scrolls of immolation {unknown}
 l - 3 scrolls of fear {unknown}
 m - a scroll of enchant weapon {unknown}
 r - 3 scrolls of teleportation
 t - 2 scrolls of vulnerability {unknown}
 u - a scroll of blinking {unknown}
 v - 2 scrolls of silence {unknown}
 w - 2 scrolls of poison {unknown}
 x - 2 scrolls of enchant armour {unknown}
 G - a scroll of magic mapping {unknown}
 J - a scroll of amnesia {unknown}
 K - a scroll of butterflies {unknown}
 N - a scroll of identify
Potions
 e - a potion of invisibility
 f - a potion of haste
 g - a potion of attraction
 h - a potion of cancellation
 j - 5 potions of flight
 o - a potion of curing
 q - a potion of lignification
 B - a potion of ambrosia
 F - a potion of magic
 H - a potion of berserk rage {unknown}
 M - a potion of mutation {unknown}


   Skills:
 - Level 2.6 Fighting
 - Level 9.1 Polearms
 * Level 9.8 Armour
 - Level 2.6 Shields


You had 5 spell levels left.
You knew the following spells:

 Your Spells              Type           Power      Damage    Failure   Level
a - Conjure Flame         Conj/Fire      0%         6-21      100%        3

Your spell library contained the following spells:

 Spells                   Type           Power      Damage    Failure   Level
 Magic Dart               Conj           0%         1d3       96%         1
 Searing Ray              Conj           0%         2d4       99%         2
 Static Discharge         Conj/Air       0%         3-3/arc   99%         2
 Ignite Poison            Fire/Tmut/Pois 0%         N/A       100%        3
 Cause Fear               Hex            0%         N/A       100%        4
 Fulminant Prism          Conj/Hex       0%         3d6       100%        4
 Sticky Flame             Conj/Fire      0%         2d3       100%        4
 Lightning Bolt           Conj/Air       0%         1d11      100%        5
 Dragon Form              Tmut           0%         N/A       100%        7
 Maxwell's Capacitive Co  Air            0%         ∞         100%        8
 Dragon's Call            Summ           0%         N/A       100%        9


Dungeon Overview and Level Annotations

Branches:
Dungeon (7/15)             Temple (0/1) D:7          Bailey (1/1)


Innate Abilities, Weirdness & Mutations

You have an increased reservoir of magic. (+10% MP)
You shall have no god before yourself.
Your divine heritage dramatically boosts your attributes as you level up.


Message History

The orc warrior is lightly wounded.
You barely miss the orc warrior.
The orc warrior is lightly wounded.
The orc warrior hits you with a +0 broad axe.
You closely miss the orc warrior.
The orc warrior is lightly wounded.
The orc warrior hits you with a +0 broad axe!
You closely miss the orc warrior.
The orc warrior is lightly wounded.
You hit the orc warrior.
The orc warrior is moderately wounded.
The orc warrior hits you with a +0 broad axe!
You hit the orc warrior.
The orc warrior is heavily wounded.
The orc warrior hits you with a +0 broad axe!!
* * * LOW HITPOINT WARNING * * *
You are too injured to fight recklessly!
You feel much better.
The orc warrior hits you with a +0 broad axe!
You puncture the orc warrior!
The orc warrior is severely wounded.
The orc warrior barely misses you.
You hit the orc warrior.
The orc warrior is severely wounded.
The orc warrior hits you with a +0 broad axe.
* * * LOW HITPOINT WARNING * * *
You barely miss the orc warrior.
The orc warrior is severely wounded.
The orc warrior hits you with a +0 broad axe!
* * * LOW HITPOINT WARNING * * *
You closely miss the orc warrior.
The orc warrior is severely wounded.
You block the orc warrior's attack.
You feel better. The orc warrior closely misses you.
You closely miss the orc warrior.
The orc warrior is severely wounded.
You hit the orc warrior.
The orc warrior is almost dead.
The orc warrior hits you with a +0 broad axe!!
You die...

############# #∩..#.[..#).##
##........##.#
###########.#############
##......(.(...)@oo.......####
#.......#########...........##
##..###### ##'#.........## #...#
#..#()..⌠.....# ....#
#..#)#.......## ≈...# +.
####..#.#.....### ≈≈~.###. ...
^...###......#### ≈≈≈≈~.#.
####'####..#.....≈≈≈≈≈≈≈
≈≈≈≈≈≈####..goKgo####.~≈~≈≈≈≈≈≈≈#


You could see an orc warrior (strong) and an orc.

Vanquished Creatures
  Eustachio (D:3)
  The ghost of MrClown the Magician, an amateur DsNe (D:4)
  Duvessa (D:6)
  3 water moccasins
  5 orc warriors
  3 ice beasts
  2 black bears
  An ogre (D:6)
  A centaur (D:6)
  A phantom (D:5)
  2 kobold brigands
  4 scorpions
  3 necrophages
  A gnoll sergeant (D:7)
  A bullfrog (D:6)
  Dowan (D:6)
  3 jellies
  5 hounds
  5 iguanas
  4 orc wizards (D:6)
  Robin (D:3)
  8 adders
  24 gnolls
  A shadow imp (D:6)
  3 white imps
  2 ufetubi
  2 worms (D:2)
  A dart slug (D:1)
  18 orcs
  7 ball pythons
  4 bats (D:3)
  2 endoplasms
  4 giant cockroaches
  14 goblins
  17 hobgoblins
  23 kobolds
  5 quokkas
  A frilled lizard (D:3)
  7 rats
192 creatures vanquished.

Notes
Turn   | Place    | Note
-------+----------+-------------------------------------------
     0 | D:1      | Hugehornet the Demigod Fighter began the quest for the Orb.
     0 | D:1      | Reached XP level 1. HP: 18/18 MP: 3/3
   407 | D:1      | Reached XP level 2. HP: 25/25 MP: 4/4
  1754 | D:2      | Reached XP level 3. HP: 29/30 MP: 5/5
  1994 | D:3      | Reached XP level 4. HP: 6/37 MP: 6/6
  3129 | D:3      | Noticed Robin
  3634 | D:2      | Reached skill level 5 in Polearms
  3651 | D:2      | Reached XP level 5. HP: 30/42 MP: 7/7
  3749 | D:3      | Killed Robin
  4483 | D:4      | Reached XP level 6. HP: 48/50 MP: 8/8
  4715 | D:4      | Found a large runed translucent door.
  4715 | D:4      | Found a large runed translucent door.
  4718 | D:4      | Noticed MrClown's ghost (amateur DsNe)
  4723 | D:4      | Noticed Eustachio
  4789 | D:3      | Killed Eustachio
  5399 | D:4      | Killed MrClown's ghost
  5503 | D:5      | Entered Level 5 of the Dungeon
  5521 | D:4      | Reached XP level 7. HP: 52/56 MP: 9/9
  6084 | D:5      | Reached XP level 8. HP: 37/62 MP: 10/10
  6480 | D:6      | Reached skill level 5 in Armour
  7079 | D:6      | Noticed Duvessa
  7081 | D:6      | Noticed Dowan
  7101 | D:6      | Killed Duvessa
  7143 | D:6      | Killed Dowan
  7207 | D:6      | Reached XP level 9. HP: 68/68 MP: 11/11
  7564 | D:6      | Identified the +2 leather armour of the Devil {Str+4
                  | Slay+2}
  7950 | D:7      | Found a staircase to the Ecumenical Temple.
  8068 | D:7      | Found a flagged portal.
  8087 | Bailey   | Entered a bailey
  8472 | Bailey   | Learned a level 3 spell: Conjure Flame
  8634 | Bailey   | Slain by an orc warrior

Illustrated notes

Levels and vault maps discovered:
D:1:      dpeg_arrival_circle_labyrinth_c, layout_loops_ring,
          basic_ecumenical_altar
D:2:      layout_loops_cross
D:3:      minmay_spotlight, layout_rooms, elyvilon_altar_5, uniq_robin
D:4:      layout_loops_ring, marbit_many_paths, ebering_ghost_disaster_area,
          uniq_eustachio
D:5:      layout_cave_pools, amcnicky_altar_gilded
D:6:      minmay_inner_zag, layout_basic, nicolae_ashenzari_skybound,
          minmay_manual_monolith, uniq_duvessa
D:7:      layout_cave_pools, minmay_temple_entry_grid, enter_bailey_5
Bailey:   bailey_axe_4, bailey

Skill      XL: |  1  2  3  4  5  6  7  8  9 |
---------------+----------------------------+-----
Polearms       | 2 3 4 5 6 7 9 |  9.1
Armour         | 7 9 |  9.8
Fighting       | |  2.6
Shields        | |  2.6

Action                   |  1- 3 |  4- 6 |  7- 9 || total
-------------------------+-------+-------+-------++-------
Melee: Trident           |   117 |   283 |   744 ||  1144
  Use: Potion            |     1 |     1 |     5 ||     7
       Scroll            |       |     9 |     1 ||    10
 Stab: Distracted        |       |       |     1 ||     1
Armor: Scale mail        |    16 |       |       ||    16
       Chain mail        |    22 |   149 |   373 ||   544
       Plate armour      |       |    70 |       ||    70
Dodge: Dodged            |    25 |    88 |   217 ||   330
Block: Buckler           |    16 |    78 |   160 ||   254
